 Dungeon Crawl Stone Soup version 0.29-a0-378-gc08b2e8bf8 (webtiles) character file.

Game seed: 4310211429545591219

2860 loir the Thaumaturge (level 10, -2/76 HPs)
             Began as a Djinni Conjurer on May 4, 2022.
             Was a Priest of Makhleb.
             Shot with a sling bullet by Joseph (19 damage)
             ... on level 7 of the Dungeon.
             The game lasted 00:53:15 (7743 turns).

loir the Thaumaturge (Djinni Conjurer)              Turns: 7743, Time: 00:53:16

Health: -2/76      AC:  7    Str:  3    XL:     10   Next: 4%
Gold:   539        EV: 12    Int: 24    God:    Makhleb [***...] SH:  6 Dex: 23

rFire   + + .      SeeInvis .   t - +6 spear of Lies {elec, rPois rC+ Str-3 Dex+5}
rCold   . . .      Faith    .   l - +2 buckler
rNeg    . . .      Spirit   .   a - +0 robe
rPois   ∞          Reflect  .   (no helmet)
rElec   .          Harm     .   o - +1 cloak {Stlth+}
rCorr   .          Rampage  .   k - +2 pair of gloves
Will    ++...                   (boots unavailable)
Stlth   +++.......              (no amulet)
HPRegen 0.22/turn               d - ring of willpower
MPRegen 0.00/turn               b - +6 ring of dexterity

@: flying
A: sickness immunity, fire resistance 2, cold vulnerability 1, float, innate
caster, HP casting, extra vitality 1
a: Renounce Religion, Minor Destruction, Lesser Servant of Makhleb


You were on level 7 of the Dungeon.
You worshipped Makhleb.
Makhleb was most pleased with you.
You visited 1 branch of the dungeon, and saw 7 of its levels.

You collected 539 gold pieces.

Inventory:

Hand Weapons
 f - a +2 vampiric short sword
 t - the +6 spear of Lies (weapon) {elec, rPois rC+ Str-3 Dex+5}
   (You found it on level 4 of the Dungeon)

   It occasionally discharges a powerful burst of electricity upon striking a
   foe.
   Str:       It affects your strength (-3).
   Dex:       It affects your dexterity (+5).
   rC:        It protects you from cold.
   rPois:     It protects you from poison.
Missiles
 n - 213 stones
 D - 6 poisoned darts
Armour
 a - a +0 robe (worn)
 h - a +2 kite shield of protection
 k - a +2 pair of gloves (worn)
 l - a +2 buckler (worn)
 o - a +1 cloak of stealth (worn)
 v - +0 steam dragon scales
 B - +0 steam dragon scales
Jewellery
 b - a +6 ring of dexterity (right hand)
 c - a ring of positive energy
 d - a ring of willpower (left hand)
 e - the ring of Syndicalism {rF++ rCorr}
   (You found it on level 2 of the Dungeon)

   [ring of resist corrosion]

   rF:        It greatly protects you from fire.
   rCorr:     It protects you from acid and corrosion.
Wands
 m - a wand of flame (38)
 s - a wand of charming (3)
 y - a wand of polymorph (10)
Scrolls
 x - a scroll of identify
 E - 2 scrolls of noise {unknown}
Potions
 g - 2 potions of curing
 i - 2 potions of heal wounds
 j - 2 potions of magic {unknown}
 p - 2 potions of flight {unknown}
 q - 3 potions of lignification {unknown}
 r - 2 potions of attraction {unknown}
 u - a potion of ambrosia {unknown}
 w - 3 potions of brilliance {unknown}
 z - a potion of resistance {unknown}
 A - 2 potions of berserk rage {unknown}
 C - a potion of cancellation {unknown}


   Skills:
 + Level 8.3 Fighting
 - Level 2.1 Dodging
 - Level 1.5 Stealth
 * Level 8.5 Spellcasting


You had 3 spell levels left.
You knew the following spells:

 Your Spells              Type           Power      Damage    Failure   Level
a - Magic Dart            Conj           100%       1d8       1%          1
b - Searing Ray           Conj           100%       2d8       1%          2
c - Dazzling Flash        Conj/Hex       100%       N/A       1%          3
d - Fulminant Prism       Conj/Hex       25%        3d14      2%          4
e - Iskenderun's Mystic   Conj/Tloc      50%        2d11      2%          4
f - Foxfire               Conj/Fire      100%       2x1d9     1%          1
g - Scorch                Fire           100%       2d10      1%          2
h - Poisonous Vapours     Pois/Air       100%       N/A       1%          2
i - Airstrike             Air            25%        N/A       2%          4
Your spell library was empty.

Dungeon Overview and Level Annotations

Branches:
Dungeon (7/15)             Temple (0/1) D:6

Altars:
Makhleb
Qazlal
Wu Jian
Yredelemnul

Shops:
D:6 (

Annotations:
D:6 1 runed translucent door
D:7 Joseph


Innate Abilities, Weirdness & Mutations

You are immune to sickness and miasma.
You are immune to poison.
Your flesh is very heat resistant. (rF++)
You are vulnerable to cold. (rC-)
You float through the air rather than walking.
You learn spells naturally, not from books.
Your magical power is your life essence.
You have superior vitality. (+4 MHP)


Message History

You feel better.
You feel a bit more experienced. Makhleb accepts your kill.
You feel a bit more experienced.
You hear an angry hiss.
Joseph shoots a sling bullet.
The sling bullet hits you!
Casting: Fulminant Prism (dangerous; 2% risk of failure)
Confirm with . or Enter, or press ? or * to list all spells.
Aiming: Fulminant Prism (dangerous; 2% risk of failure)
Press: ? - help, Dir - move target You conjure a prism of explosive energy!
A fulminant prism comes into view.
Joseph shoots a sling bullet.
The sling bullet barely misses you.
Your fulminant prism crackles loudly.
Your fulminant prism explodes!
Joseph is nearby!
Casting: Fulminant Prism (dangerous; 2% risk of failure)
Confirm with . or Enter, or press ? or * to list all spells.
Aiming: Poisonous Vapours (safe; 1% risk of failure)
Press: ? - help, Dir - move target, f - Joseph
Aim: Joseph, wielding a +0 hunting sling and wearing a +0 ring mail (severely wounded) Poisonous vapours surround Joseph!
Joseph is poisoned.
Joseph shouts, "Return immediately or I'll kill you!"
Joseph shoots a sling bullet.
You block the sling bullet.
Your magical contamination has completely faded away.
You start resting.
An ice beast comes into view.
Casting: Poisonous Vapours (safe; 1% risk of failure)
Confirm with . or Enter, or press ? or * to list all spells.
Flames lash Joseph.
Joseph is severely wounded.
Joseph's fire resistance burns away.
Joseph shoots a sling bullet.
The sling bullet hits you!
* * * LOW HITPOINT WARNING * * *
Casting: Scorch (safe; 1% risk of failure)
Confirm with . or Enter, or press ? or * to list all spells.
Flames lash Joseph but do no damage.
* * * LOW HITPOINT WARNING * * *
Joseph says, "I'm here to kill trespassers.
I like my job."
Joseph shoots a sling bullet.
The sling bullet hits you!!
You die...

... .. #... ..
.... #.#† .##
..... ..$.. Y.
.... ..#@.
#.## #..#
....@) #..#
.>#
#....####@##.#
#......##....#
#..@...#####
####.......##
#..###.#..#
...[## #..#..#
...## ##.# .#
##...#####.#
.# # #....<..#
#


You could see Joseph (very poisoned, combustible) and an ice beast.

Vanquished Creatures
  Maggie (D:6)
  Grinder (D:4)
  2 steam dragons (D:5)
  A water moccasin (D:5)
  A black bear (D:6)
  An ice beast (D:6)
  2 ogres
  A centaur (D:6)
  A bullfrog (D:6)
  9 scorpions
  3 howler monkeys
  A gnoll shaman (D:5)
  A jelly (D:5)
  3 orc priests
  5 hounds
  6 iguanas
  2 orc wizards
  13 adders
  12 gnolls
  A shadow imp (D:6)
  2 white imps
  An ufetubus (D:6)
  An adder zombie (D:2)
  2 dart slugs (D:1)
  17 orcs
  5 endoplasms
  11 giant cockroaches
  9 goblins
  4 hobgoblins
  14 kobolds
  A quokka (D:2)
  7 ball pythons
  6 bats
  3 frilled lizards
  A quokka skeleton (D:2)
  4 rats
  A spectral orc (D:3)
  2 butterflies (D:6)
158 creatures vanquished.

Vanquished Creatures (collateral kills)
  9 foxfires
9 creatures vanquished.

Vanquished Creatures (others)
  481 foxfires
  6 fulminant prisms
  9 fungi (D:5)
  A plant (D:1)
497 creatures vanquished.

Grand Total: 664 creatures vanquished

Notes
Turn   | Place    | Note
-------+----------+-------------------------------------------
     0 | D:1      | loir the Djinni Conjurer began the quest for the Orb.
     0 | D:1      | Reached XP level 1. HP: 15/15 MP: 0/0
   194 | D:1      | Reached XP level 2. HP: 7/22 MP: 0/0
   789 | D:1      | Found a faded altar of an unknown god.
   923 | D:1      | Reached XP level 3. HP: 23/26 MP: 0/0
   923 | D:1      | Learned a level 1 spell: Foxfire
   984 | D:1      | Reached skill level 1 in Fighting
  1728 | D:2      | Found a burning altar of Makhleb.
  1812 | D:2      | Became a worshipper of Makhleb the Destroyer
  1966 | D:2      | Reached XP level 4. HP: 26/32 MP: 0/0
  2136 | D:2      | Identified the ring of Syndicalism {rF++ rCorr}
  2339 | D:2      | Reached XP level 5. HP: 37/38 MP: 0/0
  2339 | D:2      | Learned a level 2 spell: Scorch
  2436 | D:2      | Reached * piety under Makhleb
  3340 | D:3      | Found a basalt altar of Yredelemnul.
  3683 | D:3      | Reached XP level 6. HP: 42/45 MP: 0/0
  4108 | D:4      | Reached skill level 5 in Spellcasting
  4663 | D:4      | Noticed Grinder
  4671 | D:4      | Killed Grinder
  4671 | D:4      | Reached ** piety under Makhleb
  4672 | D:4      | Reached XP level 7. HP: 35/51 MP: 0/0
  4672 | D:4      | Learned a level 2 spell: Poisonous Vapours
  4978 | D:4      | Identified the +6 spear of Lies {elec, rPois rC+ Str-3
                  | Dex+5}
  5078 | D:5      | Entered Level 5 of the Dungeon
  5255 | D:5      | Reached XP level 8. HP: 52/58 MP: 0/0
  5673 | D:5      | Reached skill level 5 in Fighting
  6108 | D:5      | Reached XP level 9. HP: 41/66 MP: 0/0
  6108 | D:5      | Learned a level 4 spell: Airstrike
  6348 | D:6      | Found a staircase to the Ecumenical Temple.
  6499 | D:6      | Reached *** piety under Makhleb
  6677 | D:6      | Found an ornate altar of the Wu Jian Council.
  7030 | D:6      | Found a stormy altar of Qazlal.
  7042 | D:6      | Noticed Maggie
  7060 | D:6      | Killed Maggie
  7259 | D:6      | Found a runed translucent door.
  7261 | D:6      | Found a runed translucent door.
  7562 | D:6      | Found Uzozilaor's Weapon Boutique.
  7724 | D:7      | Reached XP level 10. HP: 73/76 MP: 0/0
  7727 | D:7      | Noticed Joseph
  7743 | D:7      | Shot with a sling bullet by Joseph

Illustrated notes

Levels and vault maps discovered:
D:1:      heliophobic_arrival_ceremonial_halls, layout_loops_cross,
          hellmonk_ecumenical_altar_crossroads, serial_bayou,
          serial_bayou_lake_a, serial_bayou_shore_b, serial_bayou_pond_a,
          serial_bayou_crossing, minmay_misc_feat_tower,
          chequers_serial_rivers_small_a
D:2:      layout_loops_corners, basic_altar, serial_undead, serial_undead_b,
          serial_undead_a, serial_undead_c, serial_undead_a,
          kennysheep_generic_room_6
D:3:      layout_basic, yredelemnul_forgotten_temple_becter, grunt_ministairs_9
D:4:      layout_loops_cross, grunt_ministairs_15,
          chequers_serial_rivers_small_3, uniq_grinder
D:5:      kennysheep_steamy, layout_cave_pools, wad_rectangle_vault
D:6:      lemuel_insect_pit, layout_loops_ring,
          mainiacjoe_overflow_surrounded_room, grunt_qazlal_sundering,
          minmay_temple_entry_purple_smoke, serial_shops, shop,
          serial_park_tiny_pond, minivault_1, minmay_puff, uniq_maggie
D:7:      layout_rooms, lemuel_doored_altar, serial_glass, glass_columns_b,
          glass_columns_a, uniq_crazy_yiuf_cottage, uniq_joseph

Skill      XL: |  1  2  3  4  5  6  7  8  9 |
---------------+----------------------------+-----
Fighting       | 1 2 3 4 6 8 |  8.3
Spellcasting   | 4 5 6 7 8 |  8.5
Dodging        | |  2.1
Stealth        | |  1.5

Action                   |  1- 3 |  4- 6 |  7- 9 | 10-12 || total
-------------------------+-------+-------+-------+-------++-------
Melee: Spear             |       |       |     1 |       ||     1
 Cast: Magic Dart        |    40 |       |       |       ||    40
       Foxfire           |    33 |    95 |   168 |       ||   296
       Scorch            |       |     9 |    48 |     2 ||    59
       Searing Ray       |       |     3 |       |       ||     3
       Dazzling Flash    |       |       |     2 |       ||     2
       Fulminant Prism   |       |       |     4 |     2 ||     6
       Airstrike         |       |       |       |     2 ||     2
       Poisonous Vapours |       |       |       |     1 ||     1
  Use: Scroll            |     2 |     2 |     6 |       ||    10
Armor: Robe              |     4 |     2 |    11 |       ||    17
Dodge: Dodged            |     8 |     8 |    27 |     1 ||    44
Block: Buckler           |       |     1 |    19 |     1 ||    21

Table legend: (Time is in decaauts)
 A = Elapsed time spent in this place.
 B = Non-inter-level travel time spent in this place.
 C = Inter-level travel time spent in this place.
 D = Time resting spent in this place.
 E = Time spent auto-exploring this place.
 F = Levels seen in this place.
 G = Mean time per level.
                   A        B        C        D        E       F      G
               +--------+--------+--------+--------+--------+-----+--------+
         Total |   7742 |   7481 |    261 |   1127 |   5411 |   7 | 1106.0 |
       Dungeon |   7742 |   7481 |    261 |   1127 |   5411 |   7 | 1106.0 |
               +--------+--------+--------+--------+--------+-----+--------+

Top non-repeatable levels by time:
     D:2: 1649 daAuts
     D:1: 1502 daAuts
     D:6: 1369 daAuts
     D:5: 1243 daAuts
     D:4: 988 daAuts
     D:3: 947 daAuts
     D:7: 41 daAuts
